 Dungeon Crawl Stone Soup version 0.18-a0-1413-g4eaa9ac (webtiles) character file.

323 Kidiri the Magician (level 6, -8/34 HPs)
             Began as a Deep Elf Fire Elementalist on Feb 24, 2016.
             Mangled by an ogre
             ... wielding a +0 giant club
              (20 damage)
             ... on level 4 of the Dungeon on Feb 25, 2016.
             The game lasted 00:21:09 (4984 turns).

Kidiri the Magician (Deep Elf Fire Elementalist)    Turns: 4984, Time: 00:21:10

Health: -8/34      AC:  7    Str:  5    XL:     6   Next: 23%
Magic:  15/15      EV: 13    Int: 22    God:
Gold:   153        SH:  0    Dex: 15    Spells: 5 memorised, 1 level left

rFire  . . .     SeeInvis .     d - +0 dagger
rCold  . . .     Gourm    .     g - +1 leather armour
rNeg   . . .     Faith    .     (no shield)
rPois  +         Spirit   .     (no helmet)
rElec  .         Dismiss  .     (no cloak)
rCorr  .         Reflect  .     j - +2 pair of gloves
SustAt +         Harm     .     (no boots)
MR     .....                    (no amulet)
Stlth  ++........               a - ring of sustain attributes
                                q - ring of poison resistance

@: not resistant to hostile enchantments, unstealthy
A: no striking features
a: no special abilities


You were on level 4 of the Dungeon.
You were not hungry.

You visited 1 branch of the dungeon, and saw 4 of its levels.

You collected 153 gold pieces.

Inventory:

Hand Weapons
 d - a +0 dagger (weapon)
Armour
 g - a +1 leather armour (worn)
 j - a +2 pair of gloves (worn)
Jewellery
 a - a ring of sustain attributes (right hand)
 q - a ring of poison resistance (left hand)
Wands
 t - a wand of slowing (7/48)
Scrolls
 e - a scroll of noise
 l - 2 scrolls of teleportation
 p - a scroll of recharging {unknown}
 s - a scroll of remove curse
 u - 2 scrolls of identify
Potions
 c - a potion of haste {unknown}
 f - 2 potions of agility
 h - 2 potions of cure mutation {unknown}
 i - a potion of heal wounds {unknown}
 k - a potion of invisibility {unknown}
 n - a potion of curing
 o - 2 potions of brilliance {unknown}
 r - a potion of lignification {unknown}
Books
 b - a book of Flames

   Spells                             Type                      Level
   a - Flame Tongue                   Conjuration/Fire             1
   b - Throw Flame                    Conjuration/Fire             2
   c - Conjure Flame                  Conjuration/Fire             3
   d - Inner Flame                    Hexes/Fire                   3
   e - Sticky Flame                   Conjuration/Fire             4
   f - Fireball                       Conjuration/Fire             5
Comestibles
 m - a slice of pizza


   Skills:
 + Level 1.5 Fighting
 + Level 1.0 Armour
 + Level 3.7 Dodging
 + Level 4.2 Stealth
 * Level 4.8 Spellcasting
 + Level 1.9 Conjurations
 + Level 2.3 Hexes
 + Level 4.0 Fire Magic


You had one spell level left.
You knew the following spells:

 Your Spells              Type           Power        Failure   Level  Hunger
a - Flame Tongue          Conj/Fire      ###..        6%          1    None
b - Throw Flame           Conj/Fire      ###...       10%         2    None
c - Conjure Flame         Conj/Fire      ###.....     17%         3    ##.....
d - Inner Flame           Hex/Fire       ###.....     17%         3    ##.....
e - Sticky Flame          Conj/Fire      ###.....     54%         4    ####...


Dungeon Overview and Level Annotations

Branches:
Dungeon (4/15)
 Temple: D:4-7

Altars:
Cheibriados
Nemelex Xobeh
Xom


Message History

A giant newt is nearby!
Casting: Conjure Flame
Confirm with . or Enter, or press ? or * to list all spells.
Aiming: Throw Flame
Press: ? - help, Shift-Dir - straight line, f - giant newt
Aim: a giant newt (hasn't noticed you)
The puff of flame hits the giant newt.
You kill the giant newt!
Your magical contamination has completely faded away.
You start resting.
Magic restored.
You start resting.
HP restored.
Okay, then.
Unknown command.
You climb downwards.
The ogre hits you with a giant club!!
Ouch! That really hurt!
The ogre hits you with a giant club!!
Ouch! That really hurt!
You die...

#..............#......###.....
#.....................+.#.....
#.....................#.#....#
#..............##.#.....§O...#
#..............##.#.#.#.#....#
#######'#.###.###.#.#.#.######
#.#.###.# #.#...#.# #.#...O.#
#.###.#.# #.#....@# #.. ..#.#
#.#(.#### ### ###.# #....# #.#
###.## #.# ### #.. ###


You could see an ogre.

Vanquished Creatures
  A jelly (D:1)
  A hound (D:4)
  An iguana (D:4)
  A worker ant (D:4)
  2 hound skeletons (D:4)
  5 adders
  8 oozes
  2 worms
  2 giant geckos
  7 giant cockroaches
  13 goblins
  9 hobgoblins
  5 jackals (D:1)
  A quokka (D:4)
  3 ball pythons
  8 bats
  3 giant newts
  8 kobolds
  16 rats
96 creatures vanquished.

Notes
Turn   | Place    | Note
--------------------------------------------------------------
     0 | D:1      | Kidiri the Deep Elf Fire Elementalist began the quest for the Orb.
     0 | D:1      | Reached XP level 1. HP: 10/10 MP: 6/6
     1 | D:1      | Found a runed door.
     1 | D:1      | Noticed a jelly
   165 | D:1      | Found a shimmering altar of Xom.
   168 | D:1      | Reached XP level 2. HP: 15/15 MP: 2/8
   187 | D:1      | Learned a level 2 spell: Throw Flame
  1043 | D:1      | Reached XP level 3. HP: 19/19 MP: 7/10
  1340 | D:1      | Reached skill level 1 in Fighting
  1340 | D:1      | Reached XP level 4. HP: 20/25 MP: 6/12
  1345 | D:1      | Learned a level 3 spell: Conjure Flame
  1349 | D:1      | Learned a level 3 spell: Inner Flame
  2420 | D:2      | Reached XP level 5. HP: 29/29 MP: 6/13
  3045 | D:3      | Found a snail-covered altar of Cheibriados.
  3204 | D:3      | Reached skill level 1 in Hexes
  3913 | D:3      | Upgraded the game from 0.18-a0-1405-g73f4075 to 0.18-a0-1413-g4eaa9ac
  4288 | D:4      | Found a sparkling altar of Nemelex Xobeh.
  4376 | D:4      | Learned a level 4 spell: Sticky Flame
  4415 | D:4      | Reached skill level 1 in Armour
  4415 | D:4      | Reached XP level 6. HP: 9/34 MP: 0/15
  4984 | D:4      | Mangled by an ogre

Vault maps used:
D:1:      dpeg_arrival_caged_fury, xom_teletrap_fun
D:3:      lemuel_doored_altar
D:4:      nemelex_deck

Skill      XL: |  1  2  3  4  5  6 |
---------------+-------------------+-----
Stealth        | 3 4 |  4.2
Spellcasting   | 4 |  4.8
Fighting       | 1 |  1.5
Dodging        | 3 |  3.7
Hexes          | 1 2 |  2.3
Armour         | 1 |  1.0
Fire Magic     | 4 |  4.0
Conjurations   | |  1.9

Action                   |  1- 3 |  4- 6 || total
-------------------------+-------+-------++-------
Melee: Dagger            |    42 |     5 ||    47
 Cast: Flame Tongue      |    64 |    62 ||   126
       Throw Flame       |     8 |    50 ||    58
       Conjure Flame     |       |     1 ||     1
       Sticky Flame      |       |     1 ||     1
  Use: Scroll            |     2 |     5 ||     7
       Potion            |     1 |     1 ||     2
 Stab: Sleeping          |     2 |       ||     2
  Eat: Bread ration      |     1 |       ||     1
       Chunk             |       |     9 ||     9
